 Seeded DCSS version 0.31-a0-1529-g7bd419a0e5 (webtiles) character file.

Game seed: 5159426969936347987 (custom seed)

44 innerfire43 the Slasher (level 3, -2/30 HPs)
             Began as a Demonspawn Wanderer on Dec 31, 2023.
             Killed by nerve-wracking pain
             ... invoked by an orc priest
              (13 damage)
             ... on level 2 of the Dungeon.
             The game lasted 00:01:30 (1241 turns).

innerfire43 the Slasher (Demonspawn Wanderer)       Turns: 1241, Time: 00:01:31

Health: -2/30      AC:  7    Str: 12    XL:     3   Next: 39%
Magic:  3/3        EV: 10    Int: 10    God:
Gold:   113        SH:  0    Dex: 16    Spells: 2/2 levels left

rFire   . . .        a - +3 falchion
rCold   . . .        (no shield)
rNeg    . . .        g - +0 ring mail
rPois   .            f - +0 helmet
rElec   .            (no cloak)
rCorr   .            (no gloves)
SInv    .            (no boots)
Will    .....        j - amulet of faith
Stlth   +            (no ring)
HPRegen 0.25/turn    (no ring)
MPRegen 0.08/turn

%: faith
@: no status effects
A: sharp scales 1
a: no special abilities


You were on level 2 of the Dungeon.
You visited 1 branch of the dungeon, and saw 2 of its levels.

You collected 113 gold pieces.

Inventory:

Hand Weapons
 a - a +3 falchion (weapon)
 c - a +0 dagger
Missiles
 b - 6 boomerangs (quivered)
Armour
 e - a +0 leather armour
 f - a +0 helmet (worn)
 g - a +0 ring mail (worn)
Jewellery
 j - an amulet of faith (around neck)
Scrolls
 h - a scroll of immolation {unknown}
 i - a scroll of fear {unknown}
 k - a scroll of identify {unknown}
 l - a scroll of revelation {unknown}
Potions
 d - a potion of haste
 m - a potion of mutation {unknown}
 n - a potion of attraction {unknown}


   Skills:
 - Level 4.1 Fighting
 * Level 4.3 Long Blades
 - Level 1.0 Throwing
 + Level 1.8 Armour


You had 2 spell levels left.
You didn't know any spells.
Your spell library was empty.

Dungeon Overview and Level Annotations

Branches:
Dungeon (2/15)

Altars:


Innate Abilities, Weirdness & Mutations

You are partially covered in razor-sharp scales. (AC +1, Slay +1)


Message History

The endoplasm quivers.
An endoplasm is nearby!
You slash the endoplasm!
You kill the endoplasm!
Found a dagger.
No target in view!
No target in view!
Key pressed, stopping explore.
No target in view! 2 orcs come into view.
An orc is wielding a +0 heavy mace.
The orc shouts! x2
An orc priest comes into view. It is wielding a +0 club.
There is a shaft here.
The orc hits you with a +0 heavy mace. The orc hits you but does no damage.
You hit the orc.
The orc is heavily wounded.
The orc priest mumbles some strange prayers to Beogh against the orc.
Beogh smites you! The orc barely misses you.
You are too injured to fight recklessly!
You are too injured to fight recklessly!
You are too injured to fight recklessly!
You are too injured to fight recklessly!
You closely miss the orc.
The orc is heavily wounded.
The orc completely misses you.
You slash the orc!
You kill the orc!
The orc hits you with a +0 whip.
You slash the orc!
You kill the orc!
The orc priest hits you but does no damage.
The orc priest looks encouraged for a moment.
Things that are here:
a +0 whip; an orc corpse You closely miss the orc priest.
The orc priest hits you with a +0 club. x2
You hit the orc priest.
The orc priest is lightly wounded.
The orc priest mumbles some strange prayers to Beogh against you.
Pain shoots through your body!
You die...

#.# ##.# #.#
#.# ## ##.#
#.# ... #..#
#.# ##.# #.##
#.# .. #.#
#.#### #.)
#.#
####....#####
#....#
#...^.......#
##....
#.#).@....#.
##...# #
#.8o..8.#
#.#..
#.......# ..
..# #.......#
#. ..#
#.......# ).
..# #.8...8.#
#.......#
##.....##


You could see an orc priest.

Vanquished Creatures
  A gnoll (D:1)
  2 orcs (D:2)
  3 ball pythons
  4 endoplasms
  A giant cockroach (D:1)
  3 goblins (D:1)
  3 hobgoblins (D:1)
  3 quokkas (D:1)
  4 bats
  A kobold (D:1)
25 creatures vanquished.

Notes
Turn   | Place    | Note
-------+----------+-------------------------------------------
     0 | D:1      | innerfire43 the Demonspawn Wanderer began the quest for the
                  | Orb.
     0 | D:1      | innerfire43 set off with the following items: a +3
                  | falchion, 6 boomerangs, a +0 dagger, a potion of haste, a
                  | +0 leather armour.
     0 | D:1      | Reached XP level 1. HP: 19/19 MP: 1/1
   215 | D:1      | Gained mutation: You are partially covered in razor-sharp
                  | scales. (AC +1, Slay +1) [demonic ancestry]
   215 | D:1      | Reached XP level 2. HP: 20/25 MP: 2/2
   675 | D:1      | Reached XP level 3. HP: 14/30 MP: 3/3
  1241 | D:2      | Killed from afar by an orc priest

Illustrated notes

Levels and vault maps discovered:
D:1:      scummos_arrival_hexagon, layout_basic, bh_walls_and_bars
D:2:      cheibrodos_pilgrimage, layout_rooms, basic_altar, nrook_mini_vaults

Skill      XL: |  1  2 |
---------------+-------+-----
Long Blades    | 4 |  4.3
Fighting       | |  4.1
Throwing       | |  1.0
Armour         | |  1.8

Action                     || total
---------------------------++-------
  Melee: Falchion          ||    59
         Punch             ||     1
 Armour: Ring mail         ||    38
  Dodge: Dodged            ||    30

Table legend: (Time is in decaauts)
 A = Elapsed time spent in this place.
 B = Non-inter-level travel time spent in this place.
 C = Inter-level travel time spent in this place.
 D = Time resting spent in this place.
 E = Time spent auto-exploring this place.
 F = Levels seen in this place.
 G = Mean time per level.
                   A        B        C        D        E       F      G
               +--------+--------+--------+--------+--------+-----+--------+
         Total |   1246 |   1047 |    199 |      0 |    882 |   2 |  623.0 |
       Dungeon |   1246 |   1047 |    199 |      0 |    882 |   2 |  623.0 |
               +--------+--------+--------+--------+--------+-----+--------+

Top non-repeatable levels by time:
     D:1: 1003 daAuts
     D:2: 242 daAuts
